 Dungeon Crawl Stone Soup version 0.31-a0-219-g8d62b2e7bb (webtiles) character file.

Game seed: 10737210411812156708

89 innerfire43 the Trooper (level 4, -2/37 HPs)
             Began as a Demonspawn Monk on July 3, 2023.
             Was a Priest of Uskayaw.
             Slain by a black bear (3 damage)
             ... on level 4 of the Dungeon.
             The game lasted 00:03:28 (2561 turns).

innerfire43 the Trooper (Demonspawn Monk)           Turns: 2561, Time: 00:03:29

Health: -2/37      AC:  9    Str: 14    XL:     4   Next: 31%
Magic:  4/4        EV: 13    Int: 11    God:    Uskayaw [***...]
Gold:   112        SH:  0    Dex: 15    Spells: 3/3 levels left

rFire   . . .        a - +0 hand axe
rCold   + . .        d - orb {light}
rNeg    . . .        b - +0 robe
rPois   +            (no helmet)
rElec   .            (no cloak)
rCorr   .            i - +2 pair of gloves
SInv    .            (no boots)
Will    .....        (no amulet)
Stlth   +            l - ring of ice
HPRegen 0.26/turn    k - +4 ring of protection
MPRegen 0.09/turn

%: no passive effects
@: glowing
A: powered by pain 1, fire resistance 1, poison resistance
a: Renounce Religion, Stomp, Line Pass


You were on level 4 of the Dungeon.
You worshipped Uskayaw.
Uskayaw was noncommittal.
You visited 1 branch of the dungeon, and saw 4 of its levels.

You collected 112 gold pieces.

Inventory:

Hand Weapons
 a - a +0 hand axe (weapon)
Armour
 b - a +0 robe (worn)
 d - an orb of light (worn)
 i - a +2 pair of gloves (worn)
Jewellery
 k - a +4 ring of protection (right hand)
 l - a ring of ice (left hand)
Scrolls
 e - a scroll of enchant armour
 j - a scroll of torment
Potions
 c - a potion of ambrosia
 f - a potion of magic {unknown}
 g - a potion of curing {unknown}


   Skills:
 + Level 3.9 Fighting
 + Level 3.5 Axes
 + Level 3.4 Dodging


You had 3 spell levels left.
You didn't know any spells.
Your spell library contained the following spells:

 Spells                   Type           Power      Damage    Failure   Level
 Freeze                   Ice            0%         1d3       34%         1
 Necrotise                Necr           0%         1d4       34%         1
 Frozen Ramparts          Ice            0%         1d1       71%         3
 Hailstorm                Conj/Ice       0%         3d3       71%         3
 Vampiric Draining        Necr           0%         2d6       71%         3
 Agony                    Necr           0%         N/A       100%        5


Dungeon Overview and Level Annotations

Branches:
Dungeon (4/15)
 Temple: D:4-7

Altars:
Trog
Uskayaw


Innate Abilities, Weirdness & Mutations

You sometimes gain a little power by taking damage.
Your flesh is heat resistant. (rF+)
Your system is resistant to poisons. (rPois)


Message History

The black bear claws you.
Unknown command.
You hit the black bear.
The black bear is severely wounded.
The black bear misses you. The black bear claws you.
The black bear claws you but does no damage.
Uskayaw will force your foes to helplessly watch your dance.
Uskayaw prepares the audience for your solo!
The helpless black bear fails to defend itself.
You hit the black bear.
The black bear is severely wounded.
The black bear is no longer paralysed.
The black bear goes berserk!
Unknown command.
You hit the black bear but do no damage.
The black bear is severely wounded.
The black bear bites you!
The black bear claws you but does no damage.
The black bear barely misses you. The black bear closely misses you.
The black bear misses you. The black bear completely misses you.
You hit the black bear.
The black bear is severely wounded.
The black bear bites you.
* * * LOW HITPOINT WARNING * * *
The black bear barely misses you. x2; The black bear closely misses you. x2
The black bear misses you.
Unknown command.
You completely miss the black bear.
The black bear is severely wounded.
The black bear closely misses you. x2; The black bear completely misses you.
You hit the black bear.
The black bear is almost dead.
The black bear bites you but does no damage.
The black bear closely misses you.
The black bear claws you but does no damage.
The black bear bites you.
* * * LOW HITPOINT WARNING * * *
The black bear claws you.
* * * LOW HITPOINT WARNING * * *
The black bear claws you.
You die...

#.# .. #. #.#
##.## ##..#
#..$.# #..#
##....# # ##..#
##.....#..
##..##
#.........
.....###
##.h......#
.###...##
##..@....# .#
###.)###
#.......## .#
##...#####.....#
.#
###..##...#..##
.# ##.....#####
.# ###..## .#
######.## .##
##....#..## ..#
##.........###


You could see a black bear (berserk).

Vanquished Creatures
  An adder (D:3)
  2 dart slugs
  14 endoplasms
  2 giant cockroaches (D:1)
  10 goblins
  7 hobgoblins
  4 jackals (D:3)
  12 kobolds
  3 quokkas
  3 ball pythons
  4 bats
  A frilled lizard (D:1)
  2 rats (D:1)
65 creatures vanquished.

Notes
Turn   | Place    | Note
-------+----------+-------------------------------------------
     0 | D:1      | innerfire43 the Demonspawn Monk began the quest for the
                  | Orb.
     0 | D:1      | Reached XP level 1. HP: 18/18 MP: 1/1
   175 | D:1      | Gained mutation: You sometimes gain a little power by
                  | taking damage. [demonic ancestry]
   175 | D:1      | Reached XP level 2. HP: 17/24 MP: 2/2
   752 | D:1      | Reached XP level 3. HP: 26/29 MP: 3/3
  1763 | D:3      | Found a hide-covered altar of Uskayaw.
  1777 | D:3      | Became a worshipper of Uskayaw the Reveller
  1777 | D:3      | Reached * piety under Uskayaw
  1804 | D:3      | Gained mutation: Your system is resistant to poisons.
                  | (rPois) [potion of mutation]
  1804 | D:3      | Gained mutation: Your flesh is heat resistant. (rF+)
                  | [potion of mutation]
  1807 | D:3      | Reached ** piety under Uskayaw
  1809 | D:3      | Reached *** piety under Uskayaw
  1810 | D:3      | Reached XP level 4. HP: 19/37 MP: 4/4
  2272 | D:4      | Found a bloodstained altar of Trog.
  2272 | D:4      | Noticed a black bear
  2272 | D:4      | Noticed a black bear
  2275 | D:4      | Noticed a scorpion
  2561 | D:4      | HP: 1/37 [black bear (6)]
  2561 | D:4      | Slain by a black bear

Illustrated notes

Levels and vault maps discovered:
D:1:      ncdulo_smallfort, layout_loops_corners, minivault_14,
          hangedman_abyss_or_decor_stabs, chequers_serial_rivers_marsh,
          chequers_big_river, chequers_hall_statues_wall_a
D:2:      layout_basic, nicolae_figureground_pulse
D:3:      layout_rooms, nicolae_overflow_crystal_walls,
          amcnicky_mini_rare_corridor_liquid
D:4:      nicolae_BIG_FREAKIN_CUBE, layout_cave_pods, elyvilon_altar_1,
          trog_ov_bears_minmay, grunt_decor_cap

Skill      XL: |  1  2 |
---------------+-------+-----
Axes           | 3 |  3.5
Dodging        | 3 |  3.4
Fighting       | |  3.9

Action                     |  1- 3 |  4- 6 || total
---------------------------+-------+-------++-------
  Melee: Hand axe          |   142 |    48 ||   190
    Use: Scroll            |     6 |     2 ||     8
         Potion            |     2 |       ||     2
   Stab: Paralysed         |       |     2 ||     2
 Armour: Robe              |    25 |    38 ||    63
  Dodge: Dodged            |   107 |    67 ||   174

Table legend: (Time is in decaauts)
 A = Elapsed time spent in this place.
 B = Non-inter-level travel time spent in this place.
 C = Inter-level travel time spent in this place.
 D = Time resting spent in this place.
 E = Time spent auto-exploring this place.
 F = Levels seen in this place.
 G = Mean time per level.
                   A        B        C        D        E       F      G
               +--------+--------+--------+--------+--------+-----+--------+
         Total |   2608 |   2500 |    108 |      0 |   1960 |   4 |  652.0 |
       Dungeon |   2608 |   2500 |    108 |      0 |   1960 |   4 |  652.0 |
               +--------+--------+--------+--------+--------+-----+--------+

Top non-repeatable levels by time:
     D:1: 1244 daAuts
     D:3: 717 daAuts
     D:2: 353 daAuts
     D:4: 293 daAuts
